 Dungeon Crawl Stone Soup version 0.28.0-45-g0d030f2227 (webtiles) character file.

Game seed: 11020110858891567907

270 MisterFreud the Cudgeller (level 6, -2/51 HPs)
             Began as a Palentonga Fighter on Apr 4, 2022.
             Was a Believer of Ashenzari.
             Slain by a gnoll sergeant
             ... wielding a +0 vorpal spear
              (8 damage)
             ... on level 4 of the Dungeon.
             The game lasted 00:05:34 (3210 turns).

MisterFreud the Cudgeller (Palentonga Fighter)      Turns: 3210, Time: 00:05:35

Health: -2/51      AC: 12    Str: 21    XL:     6   Next: 1%
Magic:  6/6        EV:  5    Int:  8    God:    Ashenzari [**....]
Gold:   111        SH:  4    Dex: 10    Spells: 5/5 levels left

rFire   . . .      SeeInvis +   a - +0 flail of Panopticon {Cun, Comp} (curse)
rCold   . . .      Faith    .   c - +0 buckler
rNeg    . . .      Spirit   .   b - +0 scale mail of Ashenzari's Adversity {Alch, Range} (curse)
rPois   .          Reflect  .   k - +0 helmet of Supernal Gnosis {Melee, Alch} (curse)
rElec   .          Harm     .   (no cloak)
rCorr   .          Rampage  .   (no gloves)
Will    +....                   g - +0 barding
Stlth   ..........              (no amulet)
HPRegen 0.17/turn               h - ring of willpower
MPRegen 0.10/turn               (no ring)

@: no status effects
A: large, rugged brown scales 3, see invisible, deformed body, roll 1, armoured
tail
a: Rolling Charge, Renounce Religion, Shatter the Chains


You were on level 4 of the Dungeon.
You worshipped Ashenzari.
Ashenzari was pleased with you.
You visited 1 branch of the dungeon, and saw 4 of its levels.

You collected 111 gold pieces.

Inventory:

Hand Weapons
 a - the cursed +0 flail of Panopticon (weapon) {Cun, Comp}

   It has a curse which improves the following skills: Cunning: Dodging and
   Stealth.
   Companions: Summonings and Necromancy.
Missiles
 n - 3 boomerangs
Armour
 b - the cursed +0 scale mail of Ashenzari's Adversity (worn) {Alch, Range}

   It has a curse which improves the following skills: Alchemy: Poison Magic and
   Transmutations.
   Ranged Combat: Slings, Bows, Crossbows and Throwing.
 c - a +0 buckler (worn)
 g - a +0 barding (worn)
 k - the cursed +0 helmet of Supernal Gnosis (worn) {Melee, Alch}
   (You found it on level 1 of the Dungeon)

   It has a curse which improves the following skills: Melee Combat: Short
   Blades, Long Blades, Axes, Maces & Flails, Polearms, Staves and Unarmed
   Combat.
   Alchemy:   Poison Magic and Transmutations.
Jewellery
 h - a ring of willpower (left hand)
 m - a ring of positive energy
Scrolls
 f - a scroll of fear
 l - a scroll of teleportation
Potions
 d - a potion of might
 e - a potion of brilliance
 i - 2 potions of curing
 j - a potion of resistance
 o - a potion of heal wounds


   Skills:
 + Level 4.1 Fighting
 - Level 5.6(6.9) Maces & Flails
 - Level 2.4 Armour
 - Level 2.4 Shields


You had 5 spell levels left.
You didn't know any spells.
Your spell library contained the following spells:

 Spells                   Type           Power      Damage    Failure   Level
 Foxfire                  Conj/Fire      0%         2x1d4     83%         1
 Sandblast                Erth           0%         2d4       83%         1
 Conjure Flame            Conj/Fire      0%         6-21      99%         3
 Inner Flame              Hex/Fire       0%         N/A       99%         3
 Ozocubu's Armour         Ice            0%         N/A       99%         3
 Stone Arrow              Conj/Erth      0%         3d7       99%         3
 Flame Wave               Conj/Fire      0%         2d4       100%        4
 Statue Form              Tmut/Erth      0%         N/A       100%        6
 Ozocubu's Refrigeration  Ice            0%         4d5       100%        7
 Lehudib's Crystal Spear  Conj/Erth      0%         10d2      100%        8


Dungeon Overview and Level Annotations

Branches:
Dungeon (4/15)
 Temple: D:4-7

Altars:
Ashenzari
Qazlal


Innate Abilities, Weirdness & Mutations

You are completely covered in rugged brown scales. (AC +3, +7% HP)
You have supernaturally acute eyesight. (SInv)
Armour fits poorly on your strangely shaped body.
You can roll at nearby foes to attack.
You have a long armoured tail.


Message History

You hit the gnoll sergeant but do no damage.
The gnoll sergeant hits you with a +0 vorpal spear.
You hit the gnoll sergeant but do no damage.
The gnoll sergeant hits you but does no damage.
The gnoll sergeant hits you with a +0 vorpal spear.
You closely miss the gnoll sergeant.
The gnoll sergeant hits you with a +0 vorpal spear.
You are too injured to fight recklessly!
You completely miss the gnoll sergeant. The gnoll sergeant barely misses you.
You closely miss the gnoll sergeant.
The gnoll sergeant hits you but does no damage.
You are too injured to fight recklessly!
You hit the gnoll sergeant.
The gnoll sergeant is moderately wounded.
The gnoll sergeant barely misses you.
You hit the gnoll sergeant but do no damage.
The gnoll sergeant is moderately wounded.
The gnoll sergeant barely misses you.
You closely miss the gnoll sergeant.
The gnoll sergeant is moderately wounded.
The gnoll sergeant hits you with a +0 vorpal spear.
You hit the gnoll sergeant but do no damage.
The gnoll sergeant is moderately wounded.
The gnoll sergeant hits you with a +0 vorpal spear!
* * * LOW HITPOINT WARNING * * *
x2 You closely miss the gnoll sergeant.
The gnoll sergeant is moderately wounded.
The gnoll sergeant hits you but does no damage.
You hit the gnoll sergeant but do no damage.
The gnoll sergeant is moderately wounded.
The gnoll sergeant hits you with a +0 vorpal spear.
* * * LOW HITPOINT WARNING * * *
x2 You barely miss the gnoll sergeant.
The gnoll sergeant is moderately wounded.
The gnoll sergeant hits you but does no damage.
You barely miss the gnoll sergeant.
The gnoll sergeant is moderately wounded.
The gnoll sergeant hits you but does no damage.
The gnoll sergeant hits you from afar with a +0 vorpal spear!
You die...

#.#. #.##
#######.##
#########.#.....##
#g...ggg........##
#g#######.........
#g# #.#....... #.#
#......... #@#
#.###..... #.# #.#
#.#... #.# #.#
#.##.. #.# #.#
#.###. #.# #.# ##
#.. **** * #.. ..
###, ### *, ** * *
*,


You could see a gnoll sergeant and 2 gnolls.

Vanquished Creatures
  Jessica (D:2)
  Natasha (thrice) (D:3)
  An iguana (D:3)
  An orc wizard (D:2)
  2 gnolls (D:4)
  An adder (D:3)
  An ufetubus (D:4)
  A dart slug (D:1)
  6 orcs
  11 endoplasms
  4 giant cockroaches
  4 hobgoblins
  3 jackals (D:1)
  7 kobolds
  2 quokkas
  12 ball pythons
  5 bats
  2 frilled lizards
  3 goblins
  11 rats
81 creatures vanquished.

Notes
Turn   | Place    | Note
-------+----------+-------------------------------------------
     0 | D:1      | MisterFreud the Palentonga Fighter began the quest for the
                  | Orb.
     0 | D:1      | Reached XP level 1. HP: 19/19 MP: 1/1
   361 | D:1      | Reached XP level 2. HP: 22/25 MP: 2/2
   525 | D:1      | Reached skill level 3 in Maces & Flails
   641 | D:1      | Found a faded altar of an unknown god.
   813 | D:1      | Prayed at the altar of an unknown god.
   813 | D:1      | Became a worshipper of Ashenzari the Shackled
  1355 | D:2      | Reached XP level 3. HP: 31/31 MP: 3/3
  1414 | D:2      | Found a stormy altar of Qazlal.
  1550 | D:2      | Reached * piety under Ashenzari
  1845 | D:2      | Noticed Jessica
  1848 | D:2      | Killed Jessica
  1849 | D:2      | Reached skill level 4 in Maces & Flails
  1849 | D:2      | Reached XP level 4. HP: 33/37 MP: 4/4
  2187 | D:3      | Reached skill level 5 in Maces & Flails
  2187 | D:3      | Reached XP level 5. HP: 36/43 MP: 5/5
  2300 | D:3      | Identified Zeelin's Reference Book on Earth
  2360 | D:3      | Noticed Natasha
  2365 | D:3      | Killed Natasha
  2379 | D:3      | Reached ** piety under Ashenzari
  2611 | D:3      | Noticed Natasha
  2617 | D:3      | Killed Natasha
  2646 | D:3      | Noticed Natasha
  2652 | D:3      | Killed Natasha
  2994 | D:4      | Noticed a necrophage
  3008 | D:4      | Reached XP level 6. HP: 22/51 MP: 6/6
  3210 | D:4      | Slain by a gnoll sergeant

Illustrated notes

Levels and vault maps discovered:
D:1:      erik_arrival_cave_to_civilisation [erik_arrival_cave_to_temple],
          layout_basic, dilly_ecumenical_altar_fadedgnrine, chequers_arboretum,
          minmay_tetromino_t2
D:2:      layout_basic, basic_altar, minmay_distorted, uniq_jessica
D:3:      layout_rooms, minmay_between, uniq_natasha
D:4:      layout_loops_ring

Skill      XL: |  1  2  3  4  5 |
---------------+----------------+-----
Maces & Flails | 3 4 5 |  5.6
Fighting       | 4 |  4.1
Armour         | |  2.4
Shields        | |  2.4

Action                   |  1- 3 |  4- 6 || total
-------------------------+-------+-------++-------
Melee: Flail             |   120 |   118 ||   238
       Tailslap          |     6 |    14 ||    20
Invok: Curse Item        |     2 |     1 ||     3
 Abil: Rolling Charge    |    26 |    17 ||    43
Armor: Scale mail        |    60 |    68 ||   128
Dodge: Dodged            |    33 |    29 ||    62
Block: Buckler           |    21 |    16 ||    37
